Unix NetHack Version 3.7.0-86 Work-in-progress - last build May 30 2023 01:50:43 (cc98dc9aa62a9957b082a042edf5bd7ec9f632c7,branch:master). Game began 2023-06-03 14:20:41, ended 2023-06-03 14:32:07. swegen, chaotic male elven Priest ---|----- |.......| |@ke....| |. .....| |.......+ --------- Swegen the Aspirant St:10 Dx:13 Co:14 In:7 Wi:20 Ch:11 Chaotic Dlvl:4 $:27 HP:0(13) Pw:7(7) AC:7 Xp:1/19 T:771 Latest messages: You destroy the gnome zombie! t - a bow. w - an elven dagger. You see here a cursed scroll called tele?. z - a cursed scroll called tele?. You see here a pruning hook. This door is locked. This door is locked. With great effort you move the boulder. You try to move the boulder, but in vain. You try to move the boulder, but in vain. You try to move the boulder, but in vain. Where do you want to travel to? (For instructions type a '?') That door is closed. This door is locked. Where do you want to travel to? (For instructions type a '?') That door is closed. The gecko just misses! You hit the gecko! The gecko bites! You kill the gecko! The door opens. You see here a black onyx ring. A - a black onyx ring. You are beginning to feel hungry. What do you want to put on? [A or ?*] Which ring-finger, Right or Left? [rl] A - a black onyx ring (on right hand). What do you want to remove? [mA or ?*] You were wearing a black onyx ring (on right hand). What do you want to eat? [efr or ?*] This lichen corpse tastes okay. You finish eating the lichen corpse. You descend the stairs. Pick an object. You hit the kobold lord. The kobold lord hurls a cursed smoky potion! The carafe crashes on your head and breaks into shards. The smoky potion evaporates. You feel rather tired. The kobold lord hurls a cursed potion of sleeping! The phial crashes on your head and breaks into shards. The potion of sleeping evaporates. You feel rather tired. The kobold lord hits! The kobold lord hits! You die... Do you want your possessions identified? [ynq] (y) Inventory: Coins $ - 27 gold pieces Amulets m - an amulet versus poison (being worn) Weapons t - a +0 bow w - a +0 elven dagger a - a blessed +1 mace (weapon in hand) Armor c - a +0 small shield (being worn) x - a blessed +0 dwarvish cloak b - a +0 robe (being worn) Comestibles e - a clove of garlic f - a sprig of wolfsbane Scrolls p - a cursed scroll of create monster q - a scroll of destroy armor n - a scroll of enchant armor v - a scroll of teleportation z - a cursed scroll of teleportation Spellbooks g - a spellbook of healing h - a spellbook of protection Potions u - a blessed potion of gain ability s - a potion of sickness d - 4 potions of holy water Rings A - a ring of conflict Tools j - a wooden harp l - a leash i - a magic marker (0:77) Gems/Stones o - an opal y - 2 worthless pieces of blue glass Swegen the Priest's attributes: Background: You were an Aspirant, a level 1 elven Priest. You were chaotic, on a mission for Anhur who was opposed by Ptah (lawful) and Thoth (neutral). You were in the Dungeons of Doom, on level 4. You entered the dungeon 771 turns ago. There was a full moon in effect when your adventure ended. You had 19 experience points, 1 more was needed to attain level 2. Basics: You had 0 out of 13 hit points. You had all 7 energy points (spell power). Your armor class was 7. Your wallet contained 27 zorkmids. Autopickup was on for '$'. Final Characteristics: Your strength was 10 (limit:18). Your dexterity was 13 (limit:18). Your constitution was 14 (limit:16). Your intelligence was 7 (limit:20). Your wisdom was 20 (limit:20). Your charisma was 11 (limit:18). Final Status: You were not hungry. You were unencumbered. You were wielding a mace. You had basic skill with mace. Final Attributes: You were fervently aligned. You were poison resistant. You had infravision. You were guarded. You were lucky. You are dead. Miscellaneous: You encountered 1 bones level. Total elapsed playing time was 11 minutes and 23 seconds. Major events: Turn 1: swegen the chaotic elven Priest entered the dungeon 386: entered the Gnomish Mines 771: killed by a kobold lord, while sleeping off a magical draught Vanquished creatures: a hobbit a giant rat a gnome zombie a gecko a kobold a lichen 4 newts 10 creatures vanquished. No species were genocided or became extinct. Voluntary challenges: You were an atheist. You were illiterate. You never engraved Elbereth. You never genocided any monsters. You never polymorphed an object. You never changed form. You used no wishes. Achievement: You entered the Gnomish Mines. The Dungeons of Doom: levels 1 to 4 Level 1: A fountain. Level 2: A fountain. Stairs down to The Gnomish Mines. Level 3: An altar to Anhur. Level 4: <- You were here. A grave. Final resting place for you, killed by a kobold lord, while sleeping off a magical draught, Heliokopis-Mon-Hum-Mal-Law, killed by a kobold lord, while frozen by a floating eye's gaze. The Gnomish Mines: Level 3: Game over: ---------- / \ / REST \ / IN \ / PEACE \ / \ | swegen | | 27 Au | | killed by a | | kobold lord | | | | | | 2023 | *| * * * | * _________)/\\_//(\/(/\)/\//\/|_)_______ Goodbye swegen the Priest... You died in The Dungeons of Doom on dungeon level 4 with 251 points, and 27 pieces of gold, after 771 moves. You were level 1 with a maximum of 13 hit points when you died.